 Dungeon Crawl Stone Soup version 0.29-a0-330-g52719c12eb (webtiles) character file.

Game seed: 5299372406967161772

41 tilp the Magician (level 3, -5/29 HPs)
             Began as a Draconian Hedge Wizard on May 20, 2022.
             Slain by an iguana (11 damage)
             ... on level 3 of the Dungeon.
             The game lasted 00:03:42 (2810 turns).

tilp the Magician (Draconian Hedge Wizard)          Turns: 2810, Time: 00:03:42

Health: -5/29      AC:  6    Str: 12    XL:     3   Next: 32%
Magic:  5/7        EV: 12    Int: 16    God:
Gold:   102        SH:  0    Dex: 10    Spells: 4/8 levels left

rFire   . . .      SeeInvis .   b - +0 trident
rCold   + . .      Faith    .   (no shield)
rNeg    + . .      Spirit   .   (body armour unavailable)
rPois   .          Reflect  .   k - +0 hat
rElec   .          Harm     .   (no cloak)
rCorr   .          Rampage  .   (no gloves)
Will    .....                   v - +0 pair of boots
Stlth   ++........              g - amulet of the acrobat
HPRegen 0.09/turn               l - ring of positive energy
MPRegen 0.10/turn               t - ring of protection from cold

@: no status effects
A: AC +5, unfitting armour, cold-blooded
a: no special abilities


You were on level 3 of the Dungeon.
You visited 1 branch of the dungeon, and saw 3 of its levels.

You collected 102 gold pieces.

Inventory:

Hand Weapons
 a - a +0 dagger
 b - a +0 trident (weapon)
Missiles
 h - 44 stones
 m - 5 poisoned darts (quivered)
Armour
 k - a +0 hat (worn)
 v - a +0 pair of boots (worn)
Jewellery
 e - an amulet of faith
 g - an amulet of the acrobat (around neck)
 l - a ring of positive energy (left hand)
 t - a ring of protection from cold (right hand)
Wands
 n - a wand of digging (5)
Potions
 c - a potion of magic
 d - a potion of invisibility {unknown}
 f - a potion of heal wounds
 i - 3 potions of mutation
 j - 2 potions of attraction
 o - a potion of curing
 p - a potion of ambrosia {unknown}


   Skills:
 + Level 2.0 Fighting
 + Level 0.0 Throwing
 + Level 2.0 Dodging
 - Level 2.0 Stealth
 - Level 3.0 Spellcasting
 + Level 2.0 Conjurations
 * Level 0.2 Hexes
 - Level 1.0 Summonings
 + Level 1.0 Translocations


You had 4 spell levels left.
You knew the following spells:

 Your Spells              Type           Power      Damage    Failure   Level
a - Magic Dart            Conj           32%        1d4       9%          1
b - Slow                  Hex            12%        N/A       17%         1
c - Blink                 Tloc           10%        N/A       19%         2

Your spell library contained the following spells:

 Spells                   Type           Power      Damage    Failure   Level
 Call Imp                 Summ           5%         N/A       19%         2
 Conjure Flame            Conj/Fire      5%         6-21      36%         3
 Mephitic Cloud           Conj/Pois/Air  4%         N/A       38%         3


Dungeon Overview and Level Annotations

Branches:
Dungeon (3/15)

Altars:


Innate Abilities, Weirdness & Mutations

Your plain brown scales are hard. (AC +5)
You cannot fit into any form of body armour.
You are cold-blooded and may be slowed by cold attacks.


Message History

There is a stone staircase leading down here.
You start resting.
Magic restored.
You start resting.
HP restored.
You climb downwards.
The iguana misses you.
There is a stone staircase leading up here.
Unknown command.
Casting: Blink (safe; 19% risk of failure)
Confirm with . or Enter, or press ? or * to list all spells.
Aiming: Slow (safe; 17% risk of failure)
Press: ? - help, Shift-Dir - straight line, f - iguana
Aim: an iguana (chance to affect: 46%)
The iguana resists with some effort.
The iguana bites you but does no damage.
Unknown command.
Unknown command.
Casting: Slow (safe; 17% risk of failure)
Confirm with . or Enter, or press ? or * to list all spells.
Aiming: Slow (safe; 17% risk of failure)
Press: ? - help, Shift-Dir - straight line, f/p - iguana
Aim: an iguana (chance to affect: 46%)
The iguana seems to slow down.
The iguana bites you!
Unknown command.
Unknown command.
You barely miss the iguana.
Your tail-slap misses the iguana.
The iguana bites you but does no damage.
You hit the iguana but do no damage. You tail-slap the iguana.
The iguana is lightly wounded.
The iguana is no longer moving slowly.
The iguana barely misses you.
You closely miss the iguana.
You tail-slap the iguana, but do no damage.
The iguana is lightly wounded.
The iguana bites you.
You hit the iguana. You tail-slap the iguana.
The iguana is heavily wounded.
The iguana bites you!
* * * LOW HITPOINT WARNING * * *
The iguana bites you!
You die...

.... ...## ....# #....##
##..............#
##...............#
#.................
###.@..............#
#....l............#
########.#÷..............#
######........#...............#
$....#.......###........<....#
.....#......## ##.....#.....##
.....#......# #############
.....#.###### ≈....#)#


You could see an iguana.

Vanquished Creatures
  A worm (D:2)
  A dart slug (D:1)
  An orc (D:3)
  4 ball pythons
  3 endoplasms
  A giant cockroach (D:1)
  6 goblins
  3 hobgoblins
  2 quokkas
  2 bats
  A frilled lizard (D:1)
  4 kobolds
  A rat (D:1)
30 creatures vanquished.

Notes
Turn   | Place    | Note
-------+----------+-------------------------------------------
     0 | D:1      | tilp the Draconian Hedge Wizard began the quest for the
                  | Orb.
     0 | D:1      | Reached XP level 1. HP: 14/14 MP: 4/4
   155 | D:1      | Found a faded altar of an unknown god.
   648 | D:1      | Reached XP level 2. HP: 15/22 MP: 3/6
   842 | D:1      | Reached skill level 1 in Fighting
  1482 | D:1      | Learned a level 1 spell: Slow
  1485 | D:1      | Learned a level 2 spell: Blink
  1691 | D:2      | Reached XP level 3. HP: 29/29 MP: 2/7
  2496 | D:3      | HP: 1/29 [iguana (11)]
  2810 | D:3      | Slain by an iguana

Illustrated notes

Levels and vault maps discovered:
D:1:      mainiacjoe_arrival_reflecting_pool, layout_basic,
          hellmonk_ecumenical_altar_run_dry
D:2:      layout_loops_ring
D:3:      cheibrodos_helix_gallery, layout_rooms, kennysheep_path_1,
          kennysheep_generic_room_2, uniq_grinder, uniq_jessica

Skill      XL: |  1  2  3 |
---------------+----------+-----
Stealth        | 2 |  2.0
Dodging        | 2 |  2.0
Fighting       | 1 2 |  2.0
Conjurations   | 2 |  2.0
Spellcasting   | |  3.0
Hexes          | |  0.2
Summonings     | |  1.0
Translocations | |  1.0

Action                   || total
-------------------------++-------
Melee: Dagger            ||    13
       Tailslap          ||     7
       Trident           ||    25
Throw: Dart              ||     2
 Cast: Magic Dart        ||    72
       Slow              ||     3
       Blink             ||     1
  Use: Scroll            ||     9
 Stab: Sleeping          ||     2
Armor: Skin              ||    21
Dodge: Dodged            ||    33

Table legend: (Time is in decaauts)
 A = Elapsed time spent in this place.
 B = Non-inter-level travel time spent in this place.
 C = Inter-level travel time spent in this place.
 D = Time resting spent in this place.
 E = Time spent auto-exploring this place.
 F = Levels seen in this place.
 G = Mean time per level.
                   A        B        C        D        E       F      G
               +--------+--------+--------+--------+--------+-----+--------+
         Total |   2816 |   2740 |     76 |    341 |   2112 |   3 |  938.7 |
       Dungeon |   2816 |   2740 |     76 |    341 |   2112 |   3 |  938.7 |
               +--------+--------+--------+--------+--------+-----+--------+

Top non-repeatable levels by time:
     D:1: 1539 daAuts
     D:2: 1159 daAuts
     D:3: 117 daAuts
